 Dungeon Crawl Stone Soup version 0.28-a0-697-g47f3eba078 (webtiles) character file.

Game seed: 7740021293931029692

197 Gargoyl the Skirmisher (level 5, -3/70 HPs)
             Began as a Gnoll Abyssal Knight on Oct 23, 2021.
             Was a Believer of Lugonu.
             Succumbed to a water moccasin's poison
             ... on level 3 of the Dungeon.
             The game lasted 00:03:26 (3093 turns).

Gargoyl the Skirmisher (Gnoll Abyssal Knight)       Turns: 3093, Time: 00:03:27

Health: -3/70      AC: 22    Str: 13    XL:     5   Next: 75%
Magic:  8/8        EV:  2    Int: 10    God:    Lugonu [**....]
Gold:   168        SH:  0    Dex: 12    Spells: 7/7 levels left

rFire   . . .      SeeInvis .   n - +0 dagger (venom)
rCold   . . .      Faith    .   (no shield)
rNeg    . . .      Spirit   .   (armour currently unavailable)
rPois   +          Reflect  .   (helmet currently unavailable)
rElec   .          Harm     .   (cloak currently unavailable)
rCorr   .          Rampage  .   (gloves currently unavailable)
Will    .....      NoTele   +   (boots currently unavailable)
Stlth   ++........              (no amulet)
HPRegen 0.21/turn               (no ring)
MPRegen 0.11/turn               (no ring)

@: lethally poisoned (-3 -> -22), tree-form
A: stationary, stasis, torment immunity, boosted hp, (fangs 1), strong nose,
distributed training
a: Renounce Religion, Depart the Abyss, Bend Space


You were on level 3 of the Dungeon.
You worshipped Lugonu.
Lugonu was pleased with you.
You were a tree.
You visited 1 branch of the dungeon, and saw 3 of its levels.
You visited the Abyss 1 time.

You collected 168 gold pieces.

Inventory:

Hand Weapons
 a - a +1 hand axe
 d - the +3 hand crossbow of the Dancing Saviour {freeze, Will+ rCorr Dex+3}
   (You found it on level 2 of the Abyss)

   Any ammunition fired from it freezes those it strikes, dealing additional
   cold damage.
   It can also slow down cold-blooded creatures.
   Dex:       It affects your dexterity (+3).
   rCorr:     It protects you from acid and corrosion.
   Will:      It increases your willpower.
 n - a +0 dagger of venom (weapon)
Missiles
 g - 4 silver javelins (quivered)
Armour
 m - a +0 chain mail (melded)
Jewellery
 o - a ring of flight
Wands
 c - a wand of mindburst (5)
 l - a wand of paralysis (6)
Scrolls
 b - a scroll of noise {unknown}
 h - a scroll of teleportation
 j - a scroll of magic mapping {unknown}
 k - a scroll of enchant weapon {unknown}
Potions
 e - a potion of magic
 f - a potion of flight


   Skills:
 + Level 6.7 Fighting
 + Level 1.6 Short Blades
 + Level 1.6 Long Blades
 + Level 4.8 Axes
 + Level 1.6 Maces & Flails
 + Level 1.6 Polearms
 + Level 1.6 Staves
 + Level 1.6 Slings
 + Level 1.6 Bows
 + Level 1.6 Crossbows
 + Level 1.6 Throwing
 + Level 4.8 Armour
 + Level 3.0 Dodging
 + Level 1.6 Stealth
 + Level 1.6 Shields
 + Level 1.6 Unarmed Combat
 + Level 1.6 Spellcasting
 + Level 1.3 Conjurations
 + Level 1.3 Hexes
 + Level 1.3 Summonings
 + Level 1.3 Necromancy
 + Level 1.3 Translocations
 + Level 1.3 Transmutations
 + Level 1.3 Fire Magic
 + Level 1.3 Ice Magic
 + Level 1.3 Air Magic
 + Level 1.3 Earth Magic
 + Level 1.3 Poison Magic
 + Level 4.9 Invocations
 + Level 1.6 Evocations


You had 7 spell levels left.
You didn't know any spells.
Your spell library contained the following spells:

 Spells                   Type           Power      Damage    Failure   Level
 Conjure Flame            Conj/Fire      3%         6-21      50%         3
 Ignite Poison            Fire/Tmut/Pois 3%         N/A       50%         3
 Sticky Flame             Conj/Fire      3%         2d3       88%         4


Dungeon Overview and Level Annotations

Branches:
Dungeon (3/15)

Altars:


Innate Abilities, Weirdness & Mutations

You are a tree.
Your roots penetrate the ground, keeping you stationary.
You cannot be teleported.
You are immune to unholy pain and torment.
Your maximum health is greatly increased.
Your equipment is partially melded.
((You have very sharp teeth.))
Your uncanny sense of smell can sniff out nearby items.
Your experience applies equally to all skills.


Message History

It was a potion of lignification.
You turn into a tree.
Your +0 chain mail melds into your body.
Your roots penetrate the ground.
You feel very sick.
The water moccasin bites you but does no damage.
You barely miss the water moccasin.
The water moccasin is heavily wounded.
You feel sick.
The water moccasin bites you but does no damage.
You miss the water moccasin.
The water moccasin is heavily wounded.
You feel sick.
The water moccasin looks more healthy.
The water moccasin barely misses you. The water moccasin bites you.
* * * LOW HITPOINT WARNING * * *
You hit the water moccasin.
The water moccasin is poisoned.
The water moccasin is heavily wounded.
You feel sick. The water moccasin bites you.
* * * LOW HITPOINT WARNING * * *
You hit the water moccasin but do no damage.
The water moccasin is heavily wounded.
You feel sick.
The water moccasin bites you but does no damage.
You completely miss the water moccasin.
The water moccasin is heavily wounded.
You feel sick.
The water moccasin bites you but does no damage.
You closely miss the water moccasin.
The water moccasin is severely wounded.
You feel sick.
The water moccasin bites you but does no damage. x2
You hit the water moccasin.
The water moccasin looks as sick as possible!
The water moccasin is severely wounded.
You feel sick. The water moccasin bites you.
* * * LOW HITPOINT WARNING * * *
You are more poisoned.
The water moccasin poisons you!
You hit the water moccasin but do no damage.
The water moccasin is almost dead.
You die...

##.### ##
##.......# #..
#.# #
#####.######.#
#.. # .
#.##†## #.. ##
##..#######
... ##........
##.
##..####### ∆
#.#.# ###.#
#♣# ∆ #S# .J.
..... #.#.###
#.#.# ....# ##
#.#


You could see a water moccasin (extremely poisoned) and an endoplasm.

Vanquished Creatures
  2 jellies (D:2)
  Natasha (twice) (D:2)
  An adder (D:3)
  A dart slug (D:3)
  2 worms
  3 ball pythons
  4 bats
  10 endoplasms
  3 giant cockroaches
  6 goblins
  2 hobgoblins (D:1)
  4 jackals (D:3)
  11 kobolds
  4 quokkas
  7 frilled lizards
  9 rats
71 creatures vanquished.

Vanquished Creatures (others)
  3 fungi
  11 toadstools (D:2)
14 creatures vanquished.

Grand Total: 85 creatures vanquished

Notes
Turn   | Place    | Note
-------+----------+-------------------------------------------
     0 | Abyss:1  | Gargoyl the Gnoll Abyssal Knight began the quest for the
                  | Orb.
     0 | Abyss:1  | Reached XP level 1. HP: 23/23 MP: 3/3
    44 | Abyss:2  | Found a corrupted altar of Lugonu.
    46 | Abyss:2  | Found a corrupted altar of Lugonu.
    97 | Abyss:2  | Identified the +3 hand crossbow of the Dancing Saviour
                  | {freeze, Will+ rCorr Dex+3}
   166 | Abyss:2  | Noticed a flying skull
   167 | Abyss:2  | Noticed a flying skull
   167 | Abyss:2  | Noticed a flying skull
   170 | D:1      | Escaped the Abyss
   312 | D:1      | Reached XP level 2. HP: 29/29 MP: 5/5
   357 | D:1      | Reached * piety under Lugonu
   477 | D:1      | Found a faded altar of an unknown god.
   803 | D:1      | Reached XP level 3. HP: 33/35 MP: 6/6
  1271 | D:2      | Reached skill level 1 in Short Blades
  1271 | D:2      | Reached skill level 1 in Long Blades
  1271 | D:2      | Reached skill level 1 in Maces & Flails
  1271 | D:2      | Reached skill level 1 in Polearms
  1271 | D:2      | Reached skill level 1 in Staves
  1271 | D:2      | Reached skill level 1 in Slings
  1271 | D:2      | Reached skill level 1 in Bows
  1271 | D:2      | Reached skill level 1 in Crossbows
  1271 | D:2      | Reached skill level 1 in Throwing
  1271 | D:2      | Reached skill level 1 in Stealth
  1271 | D:2      | Reached skill level 1 in Shields
  1271 | D:2      | Reached skill level 1 in Unarmed Combat
  1271 | D:2      | Reached skill level 1 in Spellcasting
  1271 | D:2      | Reached skill level 1 in Evocations
  1271 | D:2      | Reached XP level 4. HP: 26/41 MP: 7/7
  1272 | D:2      | Reached ** piety under Lugonu
  1273 | D:2      | Reached skill level 1 in Conjurations
  1273 | D:2      | Reached skill level 1 in Hexes
  1273 | D:2      | Reached skill level 1 in Summonings
  1273 | D:2      | Reached skill level 1 in Necromancy
  1273 | D:2      | Reached skill level 1 in Translocations
  1273 | D:2      | Reached skill level 1 in Transmutations
  1273 | D:2      | Reached skill level 1 in Fire Magic
  1273 | D:2      | Reached skill level 1 in Ice Magic
  1273 | D:2      | Reached skill level 1 in Air Magic
  1273 | D:2      | Reached skill level 1 in Earth Magic
  1273 | D:2      | Reached skill level 1 in Poison Magic
  1665 | D:2      | Reached XP level 5. HP: 47/47 MP: 8/8
  2294 | D:2      | Noticed Natasha
  2306 | D:2      | Killed Natasha
  2565 | D:2      | Noticed Natasha
  2578 | D:2      | Killed Natasha
  3068 | D:3      | Noticed a water moccasin
  3092 | D:3      | HP: 3/70 [poisoned by a water moccasin]
  3092 | D:3      | HP: 1/70 [water moccasin (2)]
  3093 | D:3      | Succumbed to a water moccasin's poison

Illustrated notes

Levels and vault maps discovered:
D:1:      dpeg_arrival_prison, layout_loops_ring,
          hellmonk_ecumenical_altar_lost_god, minmay_quantized
D:2:      cheibrodos_fertilizer, layout_loops_corners,
          kennysheep_generic_room_9, uniq_natasha
D:3:      layout_loops_ring, nicolae_overflow_hidden_temple,
          nicolae_hepliaklqana_hippocampus, gammafunk_ghost_cemetery,
          minmay_misc_feat_x

Skill      XL: |  1  2  3  4  5 |
---------------+----------------+-----
Short Blades   | 1 |  1.6
Long Blades    | 1 |  1.6
Maces & Flails | 1 |  1.6
Polearms       | 1 |  1.6
Staves         | 1 |  1.6
Slings         | 1 |  1.6
Bows           | 1 |  1.6
Crossbows      | 1 |  1.6
Throwing       | 1 |  1.6
Stealth        | 1 |  1.6
Shields        | 1 |  1.6
Unarmed Combat | 1 |  1.6
Spellcasting   | 1 |  1.6
Evocations     | 1 |  1.6
Conjurations   | 1 |  1.3
Hexes          | 1 |  1.3
Summonings     | 1 |  1.3
Necromancy     | 1 |  1.3
Translocations | 1 |  1.3
Transmutations | 1 |  1.3
Fire Magic     | 1 |  1.3
Ice Magic      | 1 |  1.3
Air Magic      | 1 |  1.3
Earth Magic    | 1 |  1.3
Poison Magic   | 1 |  1.3
Dodging        | 3 |  3.0
Fighting       | |  6.7
Axes           | |  4.8
Armour         | |  4.8
Invocations    | |  4.9

Action                   |  1- 3 |  4- 6 || total
-------------------------+-------+-------++-------
Melee: Hand axe          |    74 |    61 ||   135
       Bite              |     3 |    13 ||    16
       Dagger            |       |    72 ||    72
       Punch             |       |     1 ||     1
Throw: Javelin           |     4 |     1 ||     5
Invok: Depart the Abyss  |     1 |       ||     1
Evoke: Wand              |     3 |       ||     3
  Use: Scroll            |     2 |       ||     2
       Potion            |       |     2 ||     2
 Stab: Sleeping          |       |     1 ||     1
Armor: Leather armour    |    21 |    23 ||    44
       Chain mail        |       |    47 ||    47
       Skin              |       |     6 ||     6
Dodge: Dodged            |    52 |    48 ||   100

Table legend: (Time is in decaauts)
 A = Elapsed time spent in this place.
 B = Non-inter-level travel time spent in this place.
 C = Inter-level travel time spent in this place.
 D = Time resting spent in this place.
 E = Time spent auto-exploring this place.
 F = Levels seen in this place.
 G = Mean time per level.
                   A        B        C        D        E       F      G
               +--------+--------+--------+--------+--------+-----+--------+
         Total |   3097 |   3042 |     55 |    105 |   2336 |   5 |  619.4 |
       Dungeon |   2927 |   2872 |     55 |    105 |   2211 |   3 |  975.7 |
         Abyss |    169 |    169 |      0 |      0 |    125 |   2 |   84.5 |
               +--------+--------+--------+--------+--------+-----+--------+

Top non-repeatable levels by time:
     D:2: 1863 daAuts
     D:1: 847 daAuts
     D:3: 217 daAuts
 Abyss:2: 131 daAuts
 Abyss:1: 38 daAuts
